 Dungeon Crawl Stone Soup version 0.25-a0-1126-g5fd7b56c60 (webtiles) character file.

Game seed: 1314111257013256535, levelgen mode: deterministic

380 Essalna the Firebug (level 6, -10/34 HPs)
             Began as a Gargoyle Fire Elementalist on May 19, 2020.
             Mangled by an ogre
             ... wielding a +0 giant spiked club
              (13 damage)
             ... on level 4 of the Dungeon.
             The game lasted 00:06:20 (3342 turns).

Essalna the Firebug (Gargoyle Fire Elementalist)    Turns: 3342, Time: 00:06:20

Health: -10/34     AC:  9    Str: 12    XL:     6   Next: 75%
Magic:  19/21      EV: 10    Int: 17    God:
Gold:   228        SH:  0    Dex: 10    Spells: 13/14 levels left

rFire    . . .     SeeInvis .   l - +0 dagger (elec)
rCold    . . .     Gourm    .   (no shield)
rNeg     + . .     Faith    .   n - +0 ring mail
rPois    ∞         Spirit   .   (no helmet)
rElec    +         Reflect  .   (no cloak)
rCorr    .         Harm     .   (no gloves)
MR       .....                  (no boots)
Stlth    +.........             (no amulet)
HPRegen  0.11/turn              i - ring of magical power
MPRegen  0.17/turn              (no ring)

@: very slightly contaminated
A: negative energy resistance 1, electricity resistance, unbreathing,
petrification resistance, rot immunity, AC +4
a: no special abilities


You were on level 4 of the Dungeon.
You were not hungry.

You visited 1 branch of the dungeon, and saw 4 of its levels.

You collected 228 gold pieces.

Inventory:

Hand Weapons
 e - a +0 dagger
 k - a +1 vorpal spear
 l - a +0 dagger of electrocution (weapon)
Armour
 a - a +0 robe
 n - a +0 ring mail (worn)
Jewellery
 i - a ring of magical power (left hand)
Scrolls
 b - 2 scrolls of enchant weapon
 f - a scroll of noise {unknown}
 g - 2 scrolls of remove curse {unknown}
 h - a scroll of identify {unknown}
 q - a scroll of teleportation
Potions
 d - a potion of flight {unknown}
 j - a potion of brilliance {unknown}
 o - a potion of heal wounds {unknown}
 p - 3 potions of curing {unknown}
Comestibles
 c - 3 rations
 m - 3 chunks of flesh


   Skills:
 + Level 1.0 Fighting
 + Level 0.7 Short Blades
 + Level 1.0 Armour
 - Level 1.5 Dodging
 - Level 2.1 Stealth
 + Level 4.5 Spellcasting
 - Level 1.1 Conjurations
 + Level 5.3 Fire Magic


You had 13 spell levels left.
You knew the following spells:

 Your Spells              Type           Power        Failure   Level  Hunger
a - Foxfire               Conj/Fire      ##..         9%          1    None

Your spell library contained the following spells:

 Spells                   Type           Power        Failure   Level  Hunger
 Conjure Flame            Conj/Fire      ##......     26%         3    ###....
 Inner Flame              Hex/Fire       ##......     34%         3    ###....
 Sticky Flame             Conj/Fire      ##......     65%         4    ####...
 Fireball                 Conj/Fire      ##........   94%         5    ######.


Dungeon Overview and Level Annotations

Branches:
Dungeon (4/15)
 Temple: D:4-7

Altars:
Cheibriados


Innate Abilities, Weirdness & Mutations

You are resistant to torment.
Your stone body is resilient. (AC +4)
You are immune to poison.
You resist negative energy. (rN+)
You are resistant to electric shocks. (rElec)
You can survive without breathing.
You are immune to petrification.
You are immune to rotting.


Message History

The ogre is moderately wounded.
The ogre hits you but does no damage.
Casting: Foxfire (safe; 9% risk of failure)
Confirm with . or Enter, or press ? or * to list all spells.
You conjure some foxfire!
The ogre hits you with a +0 giant spiked club!
* * * LOW HITPOINT WARNING * * *
You hit the ogre.
The ogre is heavily wounded.
The foxfire hits the ogre but does no damage.
The ogre is heavily wounded.
The foxfire hits the ogre.
The ogre is severely wounded.
You hit the ogre but do no damage. Lightning courses through the ogre!
The ogre is almost dead.
The ogre closely misses you.
You hit the ogre but do no damage.
The ogre is almost dead.
The ogre hits you with a +0 giant spiked club!
You die...

#.# #.### #... ##.#####
#######......# #### ##
..........##.# #!. ..#.
###..##...##.# #.# .....
###..##....#.###?#......
........#.......@...#
###..........###O#..#
#..........# #......#
.........#.## ##...###
###.......#.# ..)#
#.......#.# ...#
.........# ...# .....
#.# ...#


You could see an ogre.

Vanquished Creatures
  An ogre (D:3)
  A bullfrog (D:2)
  A hound (D:4)
  A worker ant (D:3)
  11 adders
  2 oozes
  2 worms (D:3)
  4 dart slugs
  3 leopard geckos
  An orc (D:3)
  3 bats
  A giant cockroach (D:2)
  9 goblins
  2 hobgoblins
  7 jackals (D:3)
  4 frilled lizards
  6 kobolds
  8 rats
67 creatures vanquished.

Vanquished Creatures (collateral kills)
  A ball python (D:1)
  A frilled lizard (D:3)
2 creatures vanquished.

Vanquished Creatures (others)
  163 foxfires
163 creatures vanquished.

Grand Total: 232 creatures vanquished

Notes
Turn   | Place    | Note
-------+----------+-------------------------------------------
     0 | D:1      | Essalna the Gargoyle Fire Elementalist began the quest for
                  | the Orb.
     0 | D:1      | Reached XP level 1. HP: 10/10 MP: 3/3
   323 | D:1      | Reached XP level 2. HP: 15/15 MP: 3/5
   992 | D:2      | Reached XP level 3. HP: 3/19 MP: 3/6
  1627 | D:2      | Noticed a bullfrog
  1632 | D:2      | Killed a bullfrog
  1632 | D:2      | Reached skill level 4 in Fire Magic
  1632 | D:2      | Reached XP level 4. HP: 19/24 MP: 1/9
  1736 | D:2      | Reached XP level 5. HP: 28/28 MP: 7/10
  2253 | D:3      | Noticed an ogre
  2258 | D:3      | Killed an ogre
  2258 | D:3      | Reached skill level 5 in Fire Magic
  2258 | D:3      | Reached XP level 6. HP: 32/32 MP: 5/12
  3179 | D:3      | Found a snail-covered altar of Cheibriados.
  3315 | D:4      | Reached skill level 1 in Fighting
  3315 | D:4      | Reached skill level 1 in Armour
  3342 | D:4      | Mangled by an ogre

Illustrated notes

Levels and vault maps discovered:
D:1:      onia_arrival_mini_maze, layout_basic, chequers_serial_rivers_micro_c
D:2:      layout_loops_ring
D:3:      layout_rooms, kennysheep_slug_shrine
D:4:      layout_loops_cross, minitemple, cheibrodos_sewer_entry_drain,
          first_ration, serial_shops, shop

Skill      XL: |  1  2  3  4  5  6 |
---------------+-------------------+-----
Spellcasting   | 3 4 |  4.5
Fire Magic     | 4 5 |  5.3
Fighting       | 1 |  1.0
Armour         | 1 |  1.0
Short Blades   | |  0.7
Dodging        | |  1.5
Stealth        | |  2.1
Conjurations   | |  1.1

Action                   |  1- 3 |  4- 6 || total
-------------------------+-------+-------++-------
Melee: Unarmed           |    20 |       ||    20
       Dagger            |       |    78 ||    78
       Spear             |       |    10 ||    10
 Cast: Foxfire           |    57 |    56 ||   113
  Use: Scroll            |     2 |       ||     2
 Stab: Sleeping          |       |     1 ||     1
  Eat: Chunk             |     3 |     5 ||     8
Armor: Robe              |    22 |    10 ||    32
       Ring mail         |       |    44 ||    44
Dodge: Dodged            |    29 |    62 ||    91

Table legend:
 A = Non-vault XP
 B = Vault XP
 C = Vault XP percentage of total XP
 D = Non-vault monster count
 E = Vault monster count
 F = Vault count percentage of total count
                 A         B        C        D         E       F
            +---------+---------+-------+---------+---------+-------
      Total |     539 |       4 |   0.7 |      68 |       1 |   1.4
            +---------+---------+-------+---------+---------+-------
        D:1 |      26 |       0 |   0.0 |      12 |       0 |   0.0
        D:2 |     172 |       0 |   0.0 |      22 |       0 |   0.0
        D:3 |     301 |       4 |   1.3 |      33 |       1 |   2.9
        D:4 |      40 |       0 |   0.0 |       1 |       0 |   0.0
            +---------+---------+-------+---------+---------+-------
